 Dungeon Crawl Stone Soup version 0.28-a0-706-gf6f64a616a (webtiles) character file.

Game seed: 601495785812216905

207 Sabo the Chopper (level 5, -1/40 HPs)
             Began as a Demonspawn Gladiator on Oct 24, 2021.
             Was a Believer of Wu Jian.
             Succumbed to an orc wizard's poison
             ... on level 4 of the Dungeon.
             The game lasted 00:13:27 (2878 turns).

Sabo the Chopper (Demonspawn Gladiator)             Turns: 2878, Time: 00:13:27

Health: -1/40      AC: 10    Str: 15    XL:     5   Next: 54%
Magic:  5/5        EV: 12    Int: 10    God:    Wu Jian [**....]
Gold:   127        SH:  0    Dex: 14    Spells: 4/4 levels left

rFire   . . .      SeeInvis .   a - +0 war axe
rCold   + . .      Faith    .   (no shield)
rNeg    . . .      Spirit   .   o - +0 leather armour {rC+}
rPois   .          Reflect  .   c - +0 helmet
rElec   .          Harm     .   (no cloak)
rCorr   .          Rampage  .   (no gloves)
Will    +....                   (no boots)
Stlth   +.........              (no amulet)
HPRegen 0.13/turn               n - ring of willpower
MPRegen 0.09/turn               (no ring)

@: lethally poisoned (-1 -> -13), sanguine armoured
A: spiny 1, sanguine armour 1, weakness stinger 1
a: Renounce Religion, Wall Jump


You were on level 4 of the Dungeon.
You worshipped Wu Jian.
Wu Jian was pleased with you.
You visited 1 branch of the dungeon, and saw 4 of its levels.

You collected 127 gold pieces.

Inventory:

Hand Weapons
 a - a +0 war axe (weapon)
 p - a +0 hunting sling
Missiles
 d - 3 throwing nets (quivered)
 e - 6 datura-tipped darts
 f - 15 sling bullets
 h - 26 arrows
Armour
 c - a +0 helmet (worn)
 o - a +0 leather armour of cold resistance (worn)
 r - a +0 scale mail
Jewellery
 n - a ring of willpower (left hand)
Scrolls
 g - a scroll of fog {unknown}
 j - a scroll of immolation {unknown}
 k - a scroll of torment {unknown}
 l - a scroll of fear
 m - a scroll of vulnerability {unknown}
 q - a scroll of identify {unknown}
Potions
 b - 3 potions of lignification {unknown}
 i - 3 potions of might {unknown}


   Skills:
 + Level 2.8 Fighting
 + Level 4.4 Axes
 + Level 1.8 Throwing
 + Level 1.8 Armour
 + Level 3.3 Dodging
 + Level 0.4 Stealth


You had 4 spell levels left.
You didn't know any spells.
Your spell library contained the following spells:

 Spells                   Type           Power      Damage    Failure   Level
 Passage of Golubria      Tloc           0%         N/A       99%         4
 Silence                  Hex/Air        0%         N/A       100%        5
 Lehudib's Crystal Spear  Conj/Erth      0%         10d2      100%        8


Dungeon Overview and Level Annotations

Branches:
Dungeon (4/15)
 Temple: D:4-7

Altars:
Trog
Wu Jian


Innate Abilities, Weirdness & Mutations

You are partially covered in sharp spines.
When seriously injured, your bleeding wounds create armour. (AC +6)
You have a small tail.


Message History

You slash something!
Your tail-slap misses something.
You feel sick.
You barely miss the orc.
You feel sick.
You closely miss the orc.
You feel sick. The orc is struck by your spines.
You kill the orc!
The Council accepts your kill.
You slash the orc!
You kill the orc!
The Council accepts your kill.
You feel sick.
You are no longer poisoned.
Something hits you but does no damage.
You barely miss something. Something hits you but does no damage.
You hit something.
Your tail-slap misses something.
Something hits you.
You closely miss something.
You hear some strange, mumbled words.
Something tries to affect you, but you resist.
You closely miss something. Something hits you.
You are poisoned.
Something hits you.
You are more poisoned.
You closely miss something.
Your blood congeals into armour.
You feel very sick. Something hits you.
You are more poisoned.
You miss something.
Your tail-slap misses something.
You feel very sick. Something hits you but does no damage.
You are lethally poisoned!
You hit something. The Council accepts your kill.
Reactivating autopickup.
You feel a bit more experienced.
* * * LOW HITPOINT WARNING * * *
You feel extremely sick.
* * * LOW HITPOINT WARNING * * *
You feel very sick.
Items here: ))) [.
* * * LOW HITPOINT WARNING * * *
You feel very sick.
You die...

.. .. ... #. ...###. .
.. .....#. . ...
......#### .##...
##......### ......
##......##.##...#
#.....@.)...>...#
#.......###.....##
#.......####.####
###......##....####
#...##.#........##
##........#.......##
#....#.....##.......##
..##.##...........##.##
....#.......#.....#...#


There were no monsters in sight!

Vanquished Creatures
  An orc priest (D:3)
  A scorpion zombie (D:3)
  2 orc wizards
  A hound skeleton (D:4)
  2 adders
  A dart slug (D:1)
  9 orcs
  8 ball pythons
  9 bats
  2 endoplasms
  A giant cockroach (D:1)
  5 hobgoblins
  4 kobolds
  3 quokkas
  A frilled lizard (D:3)
  4 goblins
  3 rats
57 creatures vanquished.

Notes
Turn   | Place    | Note
-------+----------+-------------------------------------------
     0 | D:1      | Sabo the Demonspawn Gladiator began the quest for the Orb.
     0 | D:1      | Reached XP level 1. HP: 16/16 MP: 1/1
   322 | D:1      | Gained mutation: When seriously injured, your bleeding
                  | wounds create armour. (AC +6) [demonic ancestry]
   322 | D:1      | Reached XP level 2. HP: 17/22 MP: 2/2
   535 | D:1      | Reached skill level 3 in Axes
  1082 | D:1      | Found a faded altar of an unknown god.
  1091 | D:1      | Prayed at the altar of an unknown god.
  1091 | D:1      | Became a worshipper of the Wu Jian Council
  1091 | D:1      | Reached * piety under Wu Jian
  1232 | D:2      | Gained mutation: You have a small tail. [demonic ancestry]
  1232 | D:2      | Reached XP level 3. HP: 25/28 MP: 3/3
  1866 | D:3      | Reached skill level 1 in Armour
  1866 | D:3      | Gained mutation: You are partially covered in sharp spines.
                  | [demonic ancestry]
  1866 | D:3      | Reached XP level 4. HP: 21/34 MP: 4/4
  2051 | D:3      | Found a bloodstained altar of Trog.
  2430 | D:3      | Reached skill level 4 in Axes
  2430 | D:3      | Reached XP level 5. HP: 30/39 MP: 5/5
  2431 | D:3      | Reached ** piety under Wu Jian
  2877 | D:4      | HP: 2/40 [poisoned by an orc wizard]
  2878 | D:4      | Succumbed to an orc wizard's poison

Illustrated notes

Levels and vault maps discovered:
D:1:      matt_arrival_refuge, layout_loops_ring,
          hellmonk_ecumenical_altar_leap_of_faith, nrook_uturn, st_stairs_2
D:2:      layout_rooms, minmay_misc_feat_roman
D:3:      layout_basic, bloody_trog, grunt_decor_mini_mirrors
D:4:      layout_cave_pools, zin_treasury, serial_shops, shop, uniq_robin

Skill      XL: |  1  2  3  4 |
---------------+-------------+-----
Dodging        | 3 |  3.3
Axes           | 3 4 |  4.4
Armour         | 1 |  1.8
Fighting       | |  2.8
Throwing       | |  1.8
Stealth        | |  0.4

Action                   |  1- 3 |  4- 6 || total
-------------------------+-------+-------++-------
Melee: War axe           |    82 |    51 ||   133
       Tailslap          |     1 |     2 ||     3
Invok: Whirlwind         |     1 |     4 ||     5
       Lunge             |     1 |     2 ||     3
  Use: Scroll            |       |     1 ||     1
Armor: Leather armour    |    39 |    13 ||    52
Dodge: Dodged            |    84 |    21 ||   105

Table legend: (Time is in decaauts)
 A = Elapsed time spent in this place.
 B = Non-inter-level travel time spent in this place.
 C = Inter-level travel time spent in this place.
 D = Time resting spent in this place.
 E = Time spent auto-exploring this place.
 F = Levels seen in this place.
 G = Mean time per level.
                   A        B        C        D        E       F      G
               +--------+--------+--------+--------+--------+-----+--------+
         Total |   2919 |   2919 |      0 |    647 |      0 |   4 |  729.8 |
       Dungeon |   2919 |   2919 |      0 |    647 |      0 |   4 |  729.8 |
               +--------+--------+--------+--------+--------+-----+--------+

Top non-repeatable levels by time:
     D:1: 1180 daAuts
     D:3: 925 daAuts
     D:2: 635 daAuts
     D:4: 178 daAuts
